 Dungeon Crawl Stone Soup version 0.31-a0-1467-g53b6572822 (webtiles) character file.

Game seed: 4297215751789150419

74531 Megalobster the Executioner (level 15, -4/12 HPs)
             Began as a Minotaur Berserker on Dec 28, 2023.
             Was the Champion of Trog.
             Slain by a wolf (6 damage)
             ... on level 5 of the Lair of Beasts.
             The game lasted 01:21:10 (20190 turns).

Megalobster the Executioner (Minotaur Berserker)   Turns: 20190, Time: 01:21:11

Health: -4/12      AC:  9    Str: 28    XL:     15   Next: 7%
Magic:  9/9        EV: 14    Int:  4    God:    Trog [******]
Gold:   970        SH:  0    Dex: 17    Spells: 14/14 levels left

rFire   + . .        a - +8 executioner's axe (antimagic)
rCold   . . .        (shield currently unavailable)
rNeg    . . .        Z - melded +5 ring mail of Veim {rPois Str+2 Dex+3}
rPois   .            s - +1 hat
rElec   .            A - +1 cloak
rCorr   .            N - +2 pair of gloves
SInv    .            T - +1 pair of boots
Will    +....        p
                       - Hermit's Pendant {Faith Invo=14 Evo=0 MP+5}
Stlth   ++           Q - ring of protection from fire
HPRegen 0.22/turn    m - +6 ring of dexterity
MPRegen 0.11/turn

%: faith
@: maw-form
A: devouring maw, reduced hp, horns 2, retaliatory headbutt
a: Begin Untransformation, Renounce Religion, Berserk, Trog's Hand, Brothers in
Arms


You were on level 5 of the Lair of Beasts.
You worshipped Trog.
Trog was exalted by your worship.
You were a creature with a mouth for a stomach.
You visited 3 branches of the dungeon, and saw 19 of its levels.
You also visited: Sewer and Bailey.

You collected 1366 gold pieces.
You spent 396 gold pieces at shops.

Inventory:

Hand Weapons
 a - a +8 antimagic executioner's axe (weapon)
 b - the +2 battleaxe "Qefoxeh" {flame, rF+}
   (Trog gifted it to you on level 5 of the Lair of Beasts)

   rF+:       It protects you from fire.
 C - a +6 battleaxe
 R - a +6 battleaxe of electrocution
Missiles
 g - 139 stones
 t - 13 boomerangs
 K - 4 throwing nets {!f}
Armour
 s - a +1 hat (worn)
 A - a +1 cloak (worn)
 E - the +5 scale mail of Beyond {+Blink Str-2 Dex+4}
   (You found it on level 1 of the Lair of Beasts)

   Str-2:     It affects your strength (-2).
   Dex+4:     It affects your dexterity (+4).
   +Blink:    It lets you blink.
 N - a +2 pair of gloves (worn)
 T - a +1 pair of boots (worn)
 X - +0 acid dragon scales
 Z - the +5 ring mail of Veim (melded) {rPois Str+2 Dex+3}
   (You found it on level 10 of the Dungeon)

   Str+2:     It affects your strength (+2).
   Dex+3:     It affects your dexterity (+3).
   rPois:     It protects you from poison
Jewellery
 c - an amulet of reflection
 m - a +6 ring of dexterity (right hand)
 p - the Hermit's Pendant (around neck) {Faith Invo=14 Evo=0 MP+5}
   (You found it on level 7 of the Dungeon)

   [amulet of faith]

   Invo=14: It sets your Invocations skill to 14.
   Evo=0: It sets your Evocations skill to 0.
   Faith:     It allows you to gain divine favour quickly.
   MP+5:      It affects your magic capacity (+5).
 O - a ring of flight
 Q - a ring of protection from fire (left hand)
Talismans
 F - a maw talisman (active)
 H - a serpent talisman
Wands
 u - a wand of paralysis (30)
 y - a wand of roots (12)
 J - a wand of flame (20)
 L - a wand of mindburst (11)
 Y - a wand of polymorph (5)
Scrolls
 h - 12 scrolls of teleportation
 i - 3 scrolls of amnesia {unknown}
 j - 4 scrolls of brand weapon
 o - 2 scrolls of fog
 q - 2 scrolls of revelation
 w - 2 scrolls of blinking {unknown}
 I - a scroll of noise {unknown}
 P - a scroll of fear {unknown}
 S - 3 scrolls of poison
 U - a scroll of immolation {unknown}
Potions
 d - 2 potions of lignification
 e - 5 potions of mutation
 k - 9 potions of curing {@q1}
 l - 2 potions of might
 n - 2 potions of enlightenment
 r - 6 potions of attraction
 v - 2 potions of cancellation
 x - 5 potions of resistance
 z - 2 potions of magic
 B - a potion of heal wounds {unknown}
 M - 2 potions of haste {unknown}
 W - 3 potions of berserk rage {unknown}


   Skills:
 * Level 8.8 Fighting
 - Level 26.0 Axes
 + Level 13.0 Armour
 - Level 5.2 Dodging
 - Level 4.9(14.0) Invocations


You had 14 spell levels left.
You didn't know any spells.
Your spell library was empty.

Dungeon Overview and Level Annotations

Branches:
Dungeon (13/15)            Temple (0/1) D:5            Lair (5/5) D:8
 Shoals (0/4) Lair:3        Snake (0/4) Lair:3        Slime (0/5) Lair:5
    Orc (1/2) D:12          Sewer (visited)          Bailey (visited)
 Vaults: D:13-14

Altars:
Fedhas
Kikubaaqudgha
Makhleb
Nemelex Xobeh
Okawaru
Qazlal
Ru
Sif Muna
Uskayaw
Xom
Jiyva

Shops:
D:7 (   D:8 !   D:9 !

Annotations:
D:4 2 transporters, night's ghost, novice DjCj
D:12 1 transporter
Lair:1 1 runed translucent door


Innate Abilities, Weirdness & Mutations

You are a creature with a mouth for a stomach.
Your midsection houses a second, enormous mouth.
Your maximum health is decreased, since you lack skill for your form.
You have a pair of horns on your head.
You reflexively headbutt those who attack you in melee.


Message History

You closely miss the wolf. Your headbutt misses the wolf.
The wolf is severely wounded.
The wolf closely misses you.
A wolf comes into view.
You slash the wolf!
You kill the wolf!
Trog accepts your kill. The wolf bites you.
You slice the wolf!!
You kill the wolf!
Trog accepts your kill.
You slash the wolf!
The wolf is almost dead.
The wolf closely misses you. You furiously retaliate!
You headbutt the wolf!
You kill the wolf!
Trog accepts your kill.
There are monsters nearby!
The wolf bites you but does no damage.
You begin transforming.
You continue transforming.
The wolf bites you but does no damage. The wolf completely misses you.
You continue transforming.
The wolf bites you but does no damage.
The dream sheep ruffles its wool and motes of dream dust sparkle, to no effect.
You continue transforming.
The wolf bites you but does no damage. x2
You turn into a creature with a mouth for a stomach.
The +5 ring mail of Veim {rPois Str+2 Dex+3} melds into your body.
You take 103 damage, and have 12/12 hp.
MASSIVE DAMAGE!!
You closely miss the wolf. Your bite misses the wolf. The wolf bites you!
Ouch! That really hurt!
You take 8 damage, and have 4/12 hp.
MASSIVE DAMAGE!!
You hit the wolf. Your headbutt misses the wolf.
The wolf is moderately wounded.
The wolf bites you.
* * * LOW HITPOINT WARNING * * *
You take 2 damage, and have 2/12 hp.
As you read the scroll of fog, it dissolves into smoke.
The wolf barely misses you. The wolf bites you.
Ouch! That really hurt!
You die...

...#...###...#####
...##..##.#...#..####
.....#........#...#.#
............†......#
..............♣##..♣
†............♣♣♣..♣♣
.............♣ ♣♣§♣
<...........♣♣ ♣♣§♣
.......♣♣♣♣♣♣ ♣W♣♣
......♣♣ ♣h♣ ....♣♣♣


♣hi ...♣♣ ♣Y♣♣ ...♣ .h. ..♣♣ ... ..♣ ♣.. ♣♣.♣ You could see a spriggan and 2
wolves.

Vanquished Creatures
  Gastronok (D:12)
  An orc warlord (Bailey)
  Snorg (D:12)
  A hydra (D:10)
  A catoblepas (Lair:5)
  The ghost of alja1234 the Digger, a novice OnEE of Vehumet (D:7)
  2 boulder beetles
  5 two-headed ogres
  Erica (Lair:2)
  10 death yaks (Lair:3)
  5 skeletal warriors (D:12)
  An orc knight (Bailey)
  5 cyclopes
  20 elephants
  3 centaur zombies (D:12)
  A merfolk siren (Lair:3)
  The ghost of Shym the Cleaver, a novice HOMo of Beogh (D:5)
  A cane toad (shapeshifter) (D:10)
  The ghost of flestrin the Ruffian, a novice DrSh (D:5)
  12 cane toads
  2 black mambas (Lair:4)
  3 unseen horrors (D:12)
  A rime drake (Lair:5)
  17 komodo dragons
  2 trolls (D:10)
  3 polar bears
  A hornet (D:8)
  24 blink frogs
  A wyvern (D:10)
  3 shadows
  2 vampires
  5 wraiths
  3 basilisks
  51 yaks
  4 steam dragons
  9 vampire mosquitoes
  3 nagas (Lair:3)
  Edmund (D:5)
  15 water moccasins
  An acid dragon (D:10)
  Duvessa (D:4)
  20 orc warriors
  A black bear (Lair:5)
  2 ice beasts
  3 sky beasts (D:7)
  18 wolves
  An ogre (D:5)
  8 centaurs
  A phantom (D:4)
  9 kobold brigands
  13 bullfrogs
  A gnoll sergeant (D:12)
  4 scorpions (D:8)
  9 wights
  Dowan (D:4)
  An electric eel (D:8)
  3 jellies
  3 howler monkeys
  7 orc priests
  5 hounds
  2 gnoll boudas
  5 iguanas
  2 sleepcaps
  9 orc wizards
  6 hell rats
  14 gnolls
  2 river rats (Sewer)
  7 adders
  3 white imps
  4 worms
  5 dart slugs
  37 orcs
  9 ball pythons
  4 bats
  11 endoplasms
  3 giant cockroaches (D:5)
  20 goblins
  14 hobgoblins
  3 jackals (D:5)
  2 quokkas
  2 frilled lizards (D:1)
  11 kobolds
  7 rats
  A butterfly (Lair:5)
519 creatures vanquished.

Vanquished Creatures (collateral kills)
  Frances (D:12)
1 creature vanquished.

Vanquished Creatures (others)
  An orc wizard (D:8)
1 creature vanquished.

Grand Total: 521 creatures vanquished

Notes
Turn   | Place    | Note
-------+----------+-------------------------------------------
     0 | D:1      | Megalobster the Minotaur Berserker began the quest for the
                  | Orb.
     0 | D:1      | Reached XP level 1. HP: 19/19 MP: 0/0
   292 | D:1      | Reached skill level 4 in Axes
   386 | D:1      | Reached XP level 2. HP: 26/26 MP: 1/1
   908 | D:2      | Reached skill level 5 in Axes
  1361 | D:3      | Reached XP level 3. HP: 31/31 MP: 2/2
  1625 | D:3      | Reached ** piety under Trog
  1895 | D:4      | Noticed a phantom
  1908 | D:4      | Killed a phantom
  1909 | D:4      | Reached skill level 6 in Axes
  1909 | D:4      | Reached XP level 4. HP: 39/39 MP: 3/3
  2163 | D:4      | Reached XP level 5. HP: 42/45 MP: 4/4
  2193 | D:4      | Found a sparkling altar of Nemelex Xobeh.
  2205 | D:4      | Found a burning altar of Makhleb.
  2249 | D:4      | Identified the +10 mace of the Arena {pain, Dex+3 Stlth+}
  2389 | D:4      | Reached skill level 7 in Axes
  2427 | D:4      | Found a transporter.
  2427 | D:4      | Noticed an ogre
  2427 | D:4      | Noticed night's ghost (novice DjCj)
  2428 | D:4      | Noticed an ogre
  2429 | D:4      | Noticed an ogre
  2430 | D:4      | Found a transporter.
  2862 | D:4      | Found a blossoming altar of Fedhas.
  3071 | D:4      | Reached XP level 6. HP: 42/51 MP: 5/5
  3141 | D:4      | Noticed Duvessa
  3143 | D:4      | Noticed Dowan
  3149 | D:4      | Killed Duvessa
  3151 | D:4      | Killed Dowan
  3152 | D:4      | Reached skill level 8 in Axes
  3153 | D:4      | Reached skill level 5 in Armour
  3265 | D:5      | Entered Level 5 of the Dungeon
  3281 | D:5      | Found a glowing drain.
  3304 | Sewer    | Entered a sewer
  3475 | Sewer    | Reached XP level 7. HP: 39/57 MP: 6/6
  3848 | Sewer    | Reached skill level 9 in Axes
  4401 | D:5      | Reached skill level 10 in Axes
  4401 | D:5      | Reached XP level 8. HP: 60/64 MP: 7/7
  4645 | D:5      | Noticed Edmund
  4650 | D:5      | Killed Edmund
  4838 | D:5      | Found a runed translucent gate.
  4838 | D:5      | Found a runed translucent gate.
  4838 | D:5      | Found a runed translucent gate.
  4842 | D:5      | Noticed flestrin's ghost (novice DrSh)
  4842 | D:5      | Noticed Shym's ghost (novice HOMo)
  4866 | D:5      | Reached skill level 11 in Axes
  4876 | D:5      | Reached *** piety under Trog
  4877 | D:5      | Reached skill level 12 in Axes
  4877 | D:5      | Reached XP level 9. HP: 64/70 MP: 8/8
  4956 | D:5      | Killed flestrin's ghost
  4959 | D:5      | Killed Shym's ghost
  5025 | D:5      | Found a stormy altar of Qazlal.
  5084 | D:5      | Found a staircase to the Ecumenical Temple.
  5417 | D:6      | Reached skill level 13 in Axes
  5868 | D:6      | Identified the staff of Mucoig {rF+ Str+2 Dex+2 Earth}
  6321 | D:7      | Found an iron altar of Okawaru.
  6500 | D:7      | Found a sacrificial altar of Ru.
  6813 | D:7      | Found a runed translucent door.
  6813 | D:7      | Noticed alja1234's ghost (novice OnEE)
  6831 | D:7      | Reached skill level 14 in Axes
  7043 | D:7      | Killed alja1234's ghost
  7044 | D:7      | Reached skill level 10 in Armour
  7044 | D:7      | Reached XP level 10. HP: 61/77 MP: 9/9
  7425 | D:7      | Found Vaseav's Antique Weapon Shoppe.
  7551 | D:7      | Found a faded altar of an unknown god.
  7551 | D:7      | Found the Hermit's Pendant {Faith Invo=14 Evo=0 MP+5}
  7552 | D:7      | Noticed a boulder beetle
  7569 | D:7      | Killed a boulder beetle
  7570 | D:7      | Reached skill level 15 in Axes
  7853 | D:8      | Found Rausurr's Distillery.
  8088 | D:8      | Paralysed by a hornet for 2 turns
  8337 | D:8      | Found a flagged portal.
  8349 | Bailey   | Entered a bailey
  8455 | Bailey   | Reached **** piety under Trog
  8470 | Bailey   | Reached skill level 16 in Axes
  8707 | Bailey   | Noticed an orc warlord
  8707 | Bailey   | Noticed an orc knight
  8725 | Bailey   | Killed an orc warlord
  8726 | Bailey   | Reached skill level 17 in Axes
  8726 | Bailey   | Reached XP level 11. HP: 48/82 MP: 20/20
  8731 | Bailey   | Killed an orc knight
  8892 | Bailey   | Reached skill level 18 in Axes
  8892 | Bailey   | Reached skill level 5 in Dodging
  8892 | Bailey   | Reached XP level 12. HP: 90/90 MP: 21/21
  9093 | D:8      | Reached ***** piety under Trog
  9195 | D:8      | Found a staircase to the Lair.
  9530 | D:8      | Bought a potion of might for 48 gold pieces
  9530 | D:8      | Bought a potion of resistance for 120 gold pieces
  9530 | D:8      | Bought 2 potions of curing for 72 gold pieces
 10093 | D:9      | Received a gift from Trog
 10150 | D:9      | Noticed a two-headed ogre
 10160 | D:9      | Killed a two-headed ogre
 10161 | D:9      | Reached skill level 19 in Axes
 10161 | D:9      | Reached skill level 1 in Invocations
 10196 | D:9      | Found Sizepuch's Distillery.
 10203 | D:9      | Bought a potion of curing for 36 gold pieces
 10203 | D:9      | Bought a potion of resistance for 120 gold pieces
 10233 | D:9      | Found a hide-covered altar of Uskayaw.
 10813 | D:10     | Entered Level 10 of the Dungeon
 11022 | D:10     | Reached skill level 5 in Fighting
 11155 | D:10     | Noticed a two-headed ogre
 11157 | D:10     | Noticed a two-headed ogre
 11160 | D:10     | Killed a two-headed ogre
 11165 | D:10     | Killed a two-headed ogre
 11425 | D:10     | Noticed an eight-headed hydra
 11498 | D:10     | Found a shimmering altar of Xom.
 11518 | D:10     | You fall into a shaft and drop 3 floors!
 11541 | D:12     | Found a staircase to the Orcish Mines.
 11553 | D:12     | Noticed Frances
 11564 | D:12     | Killed Frances
 11565 | D:12     | Reached skill level 20 in Axes
 11818 | D:12     | Noticed Snorg
 11826 | D:12     | Killed Snorg
 11827 | D:12     | Reached XP level 13. HP: 105/105 MP: 9/22
 12516 | D:10     | Reached skill level 21 in Axes
 12722 | D:10     | Identified the +5 ring mail of Veim {rPois Str+2 Dex+3}
 12885 | D:10     | Found an ancient bone altar of Kikubaaqudgha.
 13620 | Orc:1    | Entered Level 1 of the Orcish Mines
 13785 | D:12     | Noticed Gastronok
 13795 | D:12     | Killed Gastronok
 13858 | D:12     | Reached skill level 22 in Axes
 13858 | D:12     | Received a gift from Trog
 14259 | D:12     | Found a transporter.
 14260 | D:12     | Noticed a tengu reaver
 14695 | D:12     | Found a shimmering blue altar of Sif Muna.
 14815 | Lair:1   | Entered Level 1 of the Lair of Beasts
 15392 | Lair:1   | Reached skill level 23 in Axes
 15572 | Lair:1   | Identified the +5 scale mail of Beyond {+Blink Str-2 Dex+4}
 15958 | Lair:1   | Found a runed translucent door.
 16768 | Lair:2   | Reached XP level 14. HP: 111/113 MP: 9/23
 16926 | Lair:2   | Noticed Erica
 16949 | Lair:2   | Killed Erica
 17664 | Lair:3   | Received a gift from Trog
 17665 | Lair:3   | Reached skill level 24 in Axes
 18024 | Lair:3   | Found a staircase to the Snake Pit.
 18204 | Lair:3   | Found a staircase to the Shoals.
 18282 | Lair:3   | Reached skill level 25 in Axes
 19351 | Lair:5   | Entered Level 5 of the Lair of Beasts
 19464 | Lair:5   | Found the +6 lightning scales {swift, rElec}
 19475 | Lair:5   | Found a viscous altar of Jiyva.
 19475 | Lair:5   | Found a staircase to the Slime Pits.
 19581 | Lair:5   | Reached skill level 26 in Axes
 19581 | Lair:5   | Reached ****** piety under Trog
 19592 | Lair:5   | Identified the +2 battleaxe "Qefoxeh" {flame, rF+} (Trog
                  | gifted it to you on level 5 of the Lair of Beasts)
 19592 | Lair:5   | Received a gift from Trog
 19858 | Lair:5   | Reached XP level 15. HP: 120/120 MP: 9/24
 20190 | Lair:5   | Slain by a wolf

Illustrated notes

Levels and vault maps discovered:
D:1:      dpeg_arrival_three_smaller_balls, layout_basic
D:2:      layout_rooms
D:3:      layout_rooms, kennysheep_generic_room_14
D:4:      layout_gridville, overflow_temple_1_default, fedhas_altar_3,
          bloody_makhleb, gammafunk_ghost_smash, kennysheep_generic_room_4,
          uniq_duvessa
D:5:      layout_basic, mainiacjoe_overflow_alcove_4, temple_green,
          gup_sewer_entry_glass, gammafunk_ghost_cemetery,
          minmay_misc_feat_columns, minmay_splitting_lines,
          grunt_decor_arrowhead, uniq_edmund
D:6:      layout_basic
D:7:      layout_basic, mainiacjoe_overflow_paths, kennysheep_mini_moat,
          serial_shops, shop, hellmonk_ghost_happy_afterlife,
          hellmonk_guarded_unrand_hermit
D:8:      layout_loops_ring, grunt_lair_entry_orc_guard_hut, enter_bailey_4,
          solitary_fountain, chequers_serial_rivers_large_b,
          serial_park_tiny_pond, st_stairs_1, nicolae_inconvenience_store,
          hangedman_decor_peaks_small
D:9:      layout_basic, overflow_temple_1_default, serial_shops,
          nicolae_shop_tiny_statue_garden
D:10:     cheibrodos_ideogram_h, layout_cave_pools, lemuel_round_altar,
          lemuel_round_altar
D:11:     layout_stronghold, dk_noncrumbling_4
D:12:     gammafunk_sealed_library, layout_loops_cross, serial_undead,
          serial_undead_e, serial_undead_e, serial_undead_b, serial_undead_e,
          serial_undead_f, uniq_gastronok, uniq_frances, uniq_snorg
D:13:     layout_loops_ring, grunt_vaults_entry_tiered,
          portal_ice_cave_entry_pillars_2, nicolae_trove_entry_crossroad,
          kennysheep_windowed_goal
Lair:1:   gammafunk_lair_enchanted_lake, layout_long_grid,
          chequers_serial_rivers_micro_b, minmay_stone_trees_small
Lair:2:   layout_cave_pods, beast_lair_carwin_6, serial_bayou_shore_a,
          uniq_erica
Lair:3:   layout_loops_ring, minmay_shoals_entry_lonely_mermaid,
          guppyfry_snake_entry_garden, beast_lair_carwin_1
Lair:4:   layout_regular_city, dreamdust_mushroom_princess
Lair:5:   minmay_lair_end_enchanted_forest, layout_regular_city, slime_entry_1,
          chequers_serial_rivers_micro_e, lemuel_fruit_fields
Orc:1:    hellmonk_paralyzer, layout_caves, dreamdust_deal_with_the_devil,
          minmay_orc_temple_b

Skill      XL: |  1  2  3  4  5  6  7  8  9 10 11 12 13 14 15 |
---------------+----------------------------------------------+-----
Axes           | 4 5 6 7 8 10 12 14 17 18 20 23 26 | 26.0
Armour         | 3 4 5 6 8 10 11 12 13 | 13.0
Dodging        | 5 |  5.2
Fighting       | 7 8 |  8.8
Invocations    | 4 |  4.9

Action                     |  1- 3 |  4- 6 |  7- 9 | 10-12 | 13-15 || total
---------------------------+-------+-------+-------+-------+-------++-------
  Melee: Hand axe          |    76 |    12 |       |       |       ||    88
         Headbutt          |     8 |     7 |    33 |    42 |   121 ||   211
         Punch             |       |     2 |     7 |       |       ||     9
         Mace              |       |    48 |   187 |    33 |     6 ||   274
         War axe           |       |     8 |     4 |       |       ||    12
         Battleaxe         |       |       |       |   246 |       ||   246
         Executioner's axe |       |       |       |    44 |   553 ||   597
 Invoke: Berserk           |     4 |     2 |     6 |     9 |     4 ||    25
         Trog's Hand       |       |     1 |     3 |     3 |     1 ||     8
         Brothers in Arms  |       |       |       |     1 |       ||     1
  Evoke: Wand              |       |       |       |     4 |     2 ||     6
    Use: Scroll            |       |     2 |     2 |     7 |    18 ||    29
         Potion            |       |       |     2 |     4 |     1 ||     7
   Stab: Sleeping          |     1 |       |     2 |       |       ||     3
         Distracted        |       |       |       |     1 |     1 ||     2
 Armour: Animal skin       |    22 |       |       |       |       ||    22
         Ring mail         |    20 |    40 |    78 |       |   333 ||   471
         Scale mail        |       |       |    17 |       |       ||    17
         Chain mail        |       |       |       |   283 |       ||   283
         Plate armour      |       |       |       |     9 |    65 ||    74
         Skin              |       |       |       |       |     3 ||     3
  Dodge: Dodged            |    34 |    36 |    88 |   141 |   251 ||   550
   Form: Maw               |       |       |       |       |     1 ||     1

Table legend: (Time is in decaauts)
 A = Elapsed time spent in this place.
 B = Non-inter-level travel time spent in this place.
 C = Inter-level travel time spent in this place.
 D = Time resting spent in this place.
 E = Time spent auto-exploring this place.
 F = Levels seen in this place.
 G = Mean time per level.
                   A        B        C        D        E       F      G
               +--------+--------+--------+--------+--------+-----+--------+
         Total |  20536 |  19823 |    713 |   4506 |  11246 |  21 |  977.9 |
       Dungeon |  13430 |  12919 |    511 |   3381 |   7078 |  13 | 1033.1 |
          Lair |   5312 |   5112 |    200 |    595 |   3571 |   5 | 1062.4 |
  Orcish Mines |      1 |      1 |      0 |      0 |      0 |   1 |    1.0 |
         Sewer |   1182 |   1182 |      0 |    312 |    370 |   1 | 1182.0 |
        Bailey |    609 |    609 |      0 |    217 |    226 |   1 |  609.0 |
               +--------+--------+--------+--------+--------+-----+--------+

Top non-repeatable levels by time:
     D:7: 1997 daAuts
    D:11: 1527 daAuts
  Lair:1: 1527 daAuts
     D:4: 1395 daAuts
    D:10: 1208 daAuts
     D:8: 1190 daAuts
   Sewer: 1182 daAuts
     D:5: 1116 daAuts
    D:12: 1085 daAuts
  Lair:2: 1055 daAuts
     D:9: 1009 daAuts
  Lair:4: 1009 daAuts
  Lair:3: 979 daAuts
     D:6: 954 daAuts
     D:1: 828 daAuts
